[Event "Titled Tuesday Blitz January 03 Late 2023"]
[White "Horcajuelo Rocamora, Martin"]
[Black "Leiva, Gianmarco"]
[WhiteFideId "24573027"]
[BlackFideId "3804399"]
[WhiteElo "2107"]
[BlackElo "2392"]
[Result "1/2-1/2"]
[Round "01"]
[TimeControl "180+2"]
[Date "2023.01.03"]
[WhiteClock "0:01:10"]
[BlackClock "0:00:07"]

1. e4 c5 2. Nf3 d6 3. d4 cxd4 4. Nxd4 Nf6 5. Nc3 a6 6. f3 e5 7. Nb3 Be6 8. Be3 Be7 9. Qd2 h5 10. O-O-O Nbd7 11. Kb1 b5 12. Nd5 Bxd5 13. exd5 Nb6 14. Na5 Nbxd5 15. Bf2 O-O 16. c4 bxc4 17. Bxc4 Nf4 18. Nc6 Qc7 19. Nxe7+ Qxe7 20. Qxd6 Qxd6 21. Rxd6 Nxg2 22. Rg1 Nf4 23. Rxf6 Nh3 24. Rg2 Nxf2 25. Rf5 Nh3 26. Rxe5 Rfc8 27. b3 Rc7 28. Rg3 Nf4 29. Rf5 Rxc4 30. bxc4 Rb8+ 31. Kc2 Ne2 32. Rxh5 Nxg3 33. hxg3 Rb4 34. Kc3 Rb1 35. Ra5 Rf1 36. Rxa6 Rxf3+ 37. Kd4 Rxg3 38. c5 Rg4+ 39. Kd5 Rg5+ 40. Kd4 Rg4+ 41. Ke5 Rg5+ 42. Kd4 Rg4+ 1/2-1/2


[Site "https://www.chess.com"]

[Event "Titled Tuesday Blitz January 03 Late 2023"]
[White "UnknownMagician"]
[Black "Sai Han Thiha"]
[BlackFideId "13012290"]
[WhiteElo "2670"]
[BlackElo "2070"]
[Result "1-0"]
[Round "01"]
[TimeControl "180+2"]
[Date "2023.01.03"]
[WhiteClock "0:00:19"]
[BlackClock "0:00:02"]

1. c4 Nf6 2. Nc3 g6 3. g3 Bg7 4. Bg2 O-O 5. Nf3 d6 6. O-O e5 7. d3 Nc6 8. Rb1 a5 9. a3 Re8 10. Bg5 h6 11. Bxf6 Bxf6 12. b4 axb4 13. axb4 Nd4 14. Nd2 c6 15. e3 Nf5 16. b5 Qc7 17. Qb3 Bd7 18. Nde4 Bg7 19. Rbc1 Ne7 20. b6 Qb8 21. c5 Nc8 22. cxd6 Nxd6 23. Nc5 Bc8 24. Ra1 Kh7 25. N3e4 Nxe4 26. Bxe4 f5 27. Rxa8 Qxa8 28. Bxc6 bxc6 29. b7 Bxb7 30. Qxb7 Qxb7 31. Nxb7 Bf8 32. Rc1 Rb8 33. Na5 c5 34. Nc4 Re8 35. e4 f4 36. Rb1 Re7 37. Rb8 Bg7 38. Rc8 Rd7 39. Rxc5 Rxd3 40. Rd5 Rc3 41. Nxe5 f3 42. Nd3 Ra3 43. h4 Ra1+ 44. Kh2 h5 45. Rd7 Kh6 46. e5 Rd1 47. e6 Bf6 48. Nf4 Ra1 49. Nd5 Be5 50. e7 Ra8 51. Rd8 Ra2 52. e8=Q Rxf2+ 53. Kg1 Rg2+ 54. Kf1 Bd4 55. Qf8+ Bg7 56. Qf4+ Kh7 57. Nf6+ Bxf6 58. Qxf6 1-0


[Site "https://www.chess.com"]

[Event "Titled Tuesday Blitz January 03 Late 2023"]
[White "Martinez, Marcel"]
[Black "Gonzalez, Francisco Silva"]
[WhiteFideId "2016249"]
[BlackFideId "1512285"]
[WhiteElo "2402"]
[BlackElo "2021"]
[Result "1/2-1/2"]
[Round "01"]
[TimeControl "180+2"]
[Date "2023.01.03"]
[WhiteClock "0:00:30"]
[BlackClock "0:01:19"]

1. e4 e5 2. Nf3 Nc6 3. Bb5 a6 4. Ba4 Nf6 5. d3 b5 6. Bb3 Bc5 7. c3 d6 8. O-O Bb6 9. h3 Bd7 10. Be3 Rb8 11. Nbd2 Ne7 12. d4 Ng6 13. Re1 h6 14. a4 O-O 15. a5 Ba7 16. dxe5 Bxe3 17. exf6 Ba7 18. fxg7 Kxg7 19. Nf1 Nf4 20. Ng3 Kh8 21. Qd2 Qf6 22. Nd4 Qe5 23. Ngf5 Rg8 24. g3 Bxf5 25. Nxf5 Nxh3+ 26. Kg2 Ng5 27. f4 Nxe4 28. fxe5 Nxd2 29. Bc2 dxe5 30. Nxh6 Rgf8 31. Rxe5 Nc4 32. Rh5 Kg7 33. Nf5+ Kf6 34. b3 Ne3+ 35. Nxe3 Bxe3 36. Rf1+ Kg7 37. Rh7+ Kg8 38. Rfh1 Rbd8 39. Kf3 Bd2 40. R1h5 Rfe8 41. Rh8+ Kg7 42. R8h7+ Kg8 43. Rh8+ Kg7 44. R8h7+ Kg8 1/2-1/2


[Site "https://www.chess.com"]

[Event "Titled Tuesday Blitz January 03 Late 2023"]
[White "Gomes, Luiz Alexandre de Souza"]
[Black "Domingo Nunez, Alejandro"]
[WhiteFideId "2102790"]
[BlackFideId "22245561"]
[WhiteElo "2254"]
[BlackElo "2338"]
[Result "0-1"]
[Round "01"]
[TimeControl "180+2"]
[Date "2023.01.03"]
[WhiteClock "0:00:55"]
[BlackClock "0:00:08"]

1. e4 g6 2. Nf3 Bg7 3. Bc4 c6 4. c3 d5 5. exd5 cxd5 6. Be2 e5 7. d3 Nc6 8. O-O Nge7 9. Nbd2 O-O 10. Re1 f5 11. Nf1 h6 12. h3 Kh7 13. N3h2 d4 14. cxd4 Nxd4 15. Be3 Nec6 16. Nf3 Be6 17. Nxd4 Nxd4 18. b3 Bd5 19. Bxd4 exd4 20. Rc1 Rc8 21. Nd2 Rc3 22. Nc4 b5 23. Nd2 Qd6 24. Nf3 a5 25. Rc2 a4 26. bxa4 bxa4 27. Rxc3 dxc3 28. Qxa4 Ra8 29. Qh4 Bf6 30. Qg3 f4 31. Qh2 Rxa2 32. d4 c2 33. Rc1 Be4 34. Nd2 Qa3 35. Nxe4 Qxc1+ 36. Bf1 Bxd4 37. g3 Qxf1+ 38. Kxf1 c1=Q+ 39. Kg2 Qc2 40. Qg1 Qxe4+ 41. Kh2 Rxf2+ 0-1


[Site "https://www.chess.com"]

[Event "Titled Tuesday Blitz January 03 Late 2023"]
[White "Rostomyan, Mikayel"]
[Black "Jarocka, Liwia"]
[WhiteFideId "13313754"]
[BlackFideId "21807558"]
[WhiteElo "2222"]
[BlackElo "2225"]
[Result "1/2-1/2"]
[Round "01"]
[TimeControl "180+2"]
[Date "2023.01.03"]
[WhiteClock "0:00:04"]
[BlackClock "0:00:12"]

1. d4 Nf6 2. Nf3 e6 3. e3 b6 4. b3 Bb7 5. Bb2 c5 6. Be2 Nc6 7. O-O Rc8 8. c4 cxd4 9. exd4 d5 10. a3 Be7 11. Bd3 O-O 12. Nbd2 Na5 13. Qe2 Qc7 14. Rac1 Qf4 15. c5 Nc6 16. b4 Nb8 17. Qe5 Qh6 18. Qe3 Qh5 19. h3 a5 20. b5 bxc5 21. dxc5 Ba8 22. c6 Rfe8 23. a4 h6 24. Qe5 Bxc6 25. Qxh5 Nxh5 26. bxc6 Rxc6 27. Rxc6 Nxc6 28. Bb5 Rc8 29. Rc1 Na7 30. Rxc8+ Nxc8 31. Bc3 Bb4 32. Bxb4 axb4 33. a5 Na7 34. Ba4 Nf4 35. Nd4 Nd3 36. Nb5 Nc6 37. a6 Nc5 38. a7 Nxa7 39. Nxa7 Nxa4 40. Nc6 Nb6 41. Nxb4 f6 42. Nc6 Kf7 43. Kf1 Nd7 44. Ke2 Nc5 45. Nb4 f5 46. f3 Kf6 47. f4 g5 48. g3 Na4 49. Nf3 Nc3+ 50. Kf2 Ne4+ 51. Kg2 Nc3 52. Ne5 Ne2 53. Nbd3 gxf4 54. gxf4 Nxf4+ 55. Nxf4 Kxe5 56. Nh5 d4 57. Kf3 Kd5 58. Ng7 Ke5 59. h4 Kf6 60. Ne8+ Kf7 61. Nc7 e5 62. Nb5 Kf6 63. Nd6 e4+ 64. Kf4 d3 65. Nc4 Ke6 66. Ne3 Kf6 67. Nxf5 d2 68. Ne3 Kg6 69. Kg4 Kf6 70. Kf4 Kg6 71. Kg4 Kf6 72. Kf4 1/2-1/2


[Site "https://www.chess.com"]

[Event "Titled Tuesday Blitz January 03 Late 2023"]
[White "Kaganskiy, Gleb"]
[Black "Haydon, David L"]
[WhiteFideId "4132025"]
[BlackFideId "415405"]
[WhiteElo "2205"]
[BlackElo "2253"]
[Result "0-1"]
[Round "01"]
[TimeControl "180+2"]
[Date "2023.01.03"]
[WhiteClock "0:00:17"]
[BlackClock "0:01:42"]

1. e4 c6 2. d4 d5 3. exd5 cxd5 4. Bd3 Nc6 5. c3 Nf6 6. h3 g6 7. Nf3 Bf5 8. Be2 Bg7 9. O-O O-O 10. Bf4 Rc8 11. Nbd2 Nd7 12. g4 Be6 13. Ng5 Nb6 14. Nxe6 fxe6 15. Bg3 e5 16. dxe5 Bxe5 17. Bxe5 Nxe5 18. Nf3 Nc6 19. Nd4 Qd6 20. a4 a5 21. Nb5 Qc5 22. Nd4 Rf6 23. f4 Rcf8 24. Qd2 Nxd4 25. cxd4 Qd6 26. f5 gxf5 27. gxf5 Qg3+ 28. Kh1 Qxh3+ 29. Kg1 R8f7 0-1


[Site "https://www.chess.com"]

[Event "Titled Tuesday Blitz January 03 Late 2023"]
[White "Vlassov, Nikolai"]
[Black "Sanchez, Robert"]
[WhiteFideId "4103360"]
[BlackFideId "2034360"]
[WhiteElo "2283"]
[BlackElo "1966"]
[Result "1-0"]
[Round "01"]
[TimeControl "180+2"]
[Date "2023.01.03"]
[WhiteClock "0:01:35"]
[BlackClock "0:01:48"]

1. e4 d5 2. exd5 Qxd5 3. Nc3 Qe6+ 4. Be2 Qg6 5. Nf3 Qxg2 6. Rg1 Qh3 7. d4 Qd7 8. Bf4 c6 9. Bc4 e6 10. Qe2 Nf6 11. O-O-O Nd5 12. Nxd5 cxd5 13. Bb5 Nc6 14. Ne5 Qd8 15. Nxc6 bxc6 16. Bxc6+ Bd7 17. Bxa8 Qxa8 18. Be5 f6 19. Bf4 Qc6 20. Qh5+ Kd8 21. Kb1 g5 22. Bc1 Be7 23. h4 Kc7 24. hxg5 Rb8 25. gxf6 Bxf6 26. Bf4+ Kb7 27. Bxb8 1-0


[Site "https://www.chess.com"]

[Event "Titled Tuesday Blitz January 03 Late 2023"]
[White "Golizadeh, Asghar"]
[Black "Abrahamyan, Tatev"]
[WhiteFideId "12505269"]
[BlackFideId "13301918"]
[WhiteElo "2455"]
[BlackElo "2294"]
[Result "0-1"]
[Round "01"]
[TimeControl "180+2"]
[Date "2023.01.03"]
[WhiteClock "0:00:43"]
[BlackClock "0:01:21"]

1. e4 e6 2. Nf3 d5 3. Nc3 Nf6 4. exd5 exd5 5. d4 Bd6 6. Bd3 O-O 7. O-O Bg4 8. Bg5 c6 9. h3 Bh5 10. g4 Bg6 11. Ne5 Re8 12. f4 Qb6 13. Bxg6 hxg6 14. Qd3 Nbd7 15. Bxf6 Nxf6 16. g5 Nh5 17. Kg2 Re7 18. f5 Bxe5 19. dxe5 Rxe5 20. fxg6 Rxg5+ 21. Kh2 Qc7+ 22. Kh1 Ng3+ 23. Kg2 Nxf1+ 24. Kxf1 Qf4+ 25. Ke1 Re8+ 26. Ne2 Rg1# 0-1


[Site "https://www.chess.com"]

[Event "Titled Tuesday Blitz January 03 Late 2023"]
[White "Popilski, Gil"]
[Black "Polanco Nunez, Yoel Estarling"]
[WhiteFideId "2809060"]
[BlackFideId "6401783"]
[WhiteElo "2443"]
[BlackElo "2162"]
[Result "1-0"]
[Round "01"]
[TimeControl "180+2"]
[Date "2023.01.03"]
[WhiteClock "0:01:56"]
[BlackClock "0:01:36"]

1. e4 e5 2. f4 exf4 3. Nf3 d5 4. exd5 Nf6 5. Bc4 h6 6. O-O Bd6 7. d4 O-O 8. Bb3 b5 9. a4 Bb7 10. axb5 Nxd5 11. c4 Ne3 12. Bxe3 fxe3 13. c5 Bf4 14. Nc3 a6 15. c6 Bc8 16. Qd3 Bg4 17. Nd5 Bd6 18. Nxe3 Bh5 19. g4 1-0


[Site "https://www.chess.com"]

[Event "Titled Tuesday Blitz January 03 Late 2023"]
[White "Sos Andreu, Eric"]
[Black "Zeynalli, Rashad"]
[WhiteFideId "22247017"]
[BlackFideId "13403320"]
[WhiteElo "2352"]
[BlackElo "2200"]
[Result "1-0"]
[Round "01"]
[TimeControl "180+2"]
[Date "2023.01.03"]
[WhiteClock "0:01:44"]
[BlackClock "0:01:38"]

1. d4 Nf6 2. c4 e6 3. g3 d5 4. Nf3 Be7 5. Bg2 O-O 6. O-O dxc4 7. Ne5 Nc6 8. Bxc6 bxc6 9. Nxc6 Qe8 10. Nxe7+ Qxe7 11. Qa4 c5 12. Qa3 Bb7 13. Nc3 Rac8 14. Na4 Nd7 15. Be3 Qf6 16. Nxc5 Nxc5 17. dxc5 Qe5 18. Rad1 Rfd8 19. Qc3 Qxc3 20. bxc3 Bc6 21. Rd6 Kf8 22. Rb1 Ke7 23. Rbd1 Bd5 24. Rxd8 Rxd8 25. Rb1 Kd7 26. Bf4 Kc6 27. Bd6 h5 28. h4 f6 29. f3 g5 30. e4 gxh4 31. gxh4 Rg8+ 32. Kf2 1-0


[Site "https://www.chess.com"]

[Event "Titled Tuesday Blitz January 03 Late 2023"]
[White "Gascon Del Nogal, Jose Rafael"]
[Black "Weisz, Bryan"]
[WhiteFideId "3902463"]
[BlackFideId "30934133"]
[WhiteElo "2459"]
[BlackElo "1973"]
[Result "1-0"]
[Round "01"]
[TimeControl "180+2"]
[Date "2023.01.03"]
[WhiteClock "0:00:23"]
[BlackClock "0:00:05"]

1. e4 e5 2. Nf3 Nc6 3. d4 exd4 4. Bc4 Nf6 5. e5 Ng4 6. O-O d6 7. Bg5 Be7 8. Bxe7 Qxe7 9. exd6 Qxd6 10. Re1+ Be6 11. h3 Nf6 12. Ng5 O-O-O 13. Bxe6+ fxe6 14. Nf7 Qb4 15. Nxh8 Qxb2 16. Nd2 Rxh8 17. Nc4 Qc3 18. Qe2 e5 19. Rab1 Re8 20. Rb3 d3 21. cxd3 Qd4 22. Reb1 b6 23. Rc1 Kb7 24. Rbc3 e4 25. Ne3 exd3 26. Qf3 Ne4 27. Rxc6 d2 28. Rxc7+ Kb8 29. R1c4 Qa1+ 30. Qd1 Qe5 31. Qc2 Nc5 32. R7xc5 bxc5 33. Rxc5 Qa1+ 34. Kh2 Qd4 35. Rb5+ Ka8 36. Qc6# 1-0


[Site "https://www.chess.com"]

[Event "Titled Tuesday Blitz January 03 Late 2023"]
[White "Hernandez Sanchez, Elvis De La Caridad"]
[Black "Milosevic, Milos"]
[WhiteFideId "6400353"]
[BlackFideId "964875"]
[WhiteElo "2243"]
[BlackElo "2420"]
[Result "0-1"]
[Round "01"]
[TimeControl "180+2"]
[Date "2023.01.03"]
[WhiteClock "0:00:03"]
[BlackClock "0:00:26"]

1. d4 Nf6 2. Nf3 g6 3. c4 Bg7 4. Nc3 O-O 5. e4 d6 6. Be2 Nbd7 7. O-O e5 8. Re1 c6 9. d5 c5 10. a3 Kh8 11. b4 b5 12. Nxb5 Qe7 13. Bg5 h6 14. Bd2 Ng8 15. Bd3 a6 16. Nc3 f5 17. g3 f4 18. Nh4 Rf6 19. Kh1 Qf7 20. Rg1 Ne7 21. g4 Nf8 22. f3 Nh7 23. Qe2 Qe8 24. Rab1 Bd7 25. Qf2 Nc8 26. bxc5 dxc5 27. Qxc5 Bf8 28. Qf2 Qe7 29. Ng2 Qxa3 30. Rb7 Rf7 31. Rgb1 Bc5 32. Qe1 Nd6 33. Rc7 Be8 34. Rxf7 Bxf7 35. Nh4 Ng5 36. Qe2 Kg7 37. Ng2 Nh3 38. Be1 Bd4 39. Nd1 Rc8 40. c5 Rxc5 41. Bb4 Qa4 42. Bxc5 Bxc5 43. Rc1 Qd4 44. Nc3 Nf2+ 45. Kg1 Nxd3+ 46. Kh1 Nxc1 47. Qd1 Qxc3 48. Nxf4 exf4 0-1


[Site "https://www.chess.com"]

[Event "Titled Tuesday Blitz January 03 Late 2023"]
[White "Volkov, Maksim"]
[Black "Bernat, David"]
[WhiteFideId "54123070"]
[BlackFideId "2099225"]
[WhiteElo "2258"]
[BlackElo "1862"]
[Result "1-0"]
[Round "01"]
[TimeControl "180+2"]
[Date "2023.01.03"]
[WhiteClock "0:01:04"]
[BlackClock "0:00:01"]

1. d4 Nf6 2. c4 e6 3. g3 d5 4. Nf3 a6 5. Bg2 dxc4 6. O-O Be7 7. Nbd2 b5 8. Ne5 Nd5 9. b3 Nc3 10. Qe1 Qxd4 11. Ndf3 Nxe2+ 12. Qxe2 Qxa1 13. Qc2 cxb3 14. Qxb3 Bb7 15. Bb2 Bd5 16. Rxa1 Bxb3 17. axb3 Bf6 18. g4 Nd7 19. g5 Bxe5 20. Nxe5 Rd8 21. Nc6 Ra8 22. h4 O-O 23. Ne7+ Kh8 24. Bxa8 Rxa8 25. Nc6 Nb6 26. Be5 Nd5 27. Kg2 f6 28. gxf6 gxf6 29. Bd4 e5 30. Bb2 Nf4+ 31. Kf3 Re8 32. Rxa6 Nd5 33. Ra5 e4+ 34. Kg4 1-0


[Site "https://www.chess.com"]

[Event "Titled Tuesday Blitz January 03 Late 2023"]
[White "Doluhanova, Evgeniya"]
[Black "Kim, Yoon-Young"]
[WhiteFideId "14112035"]
[BlackFideId "30908779"]
[WhiteElo "2275"]
[BlackElo "2304"]
[Result "0-1"]
[Round "01"]
[TimeControl "180+2"]
[Date "2023.01.03"]
[WhiteClock "0:00:07"]
[BlackClock "0:00:10"]

1. e4 e5 2. Nf3 Nc6 3. Nc3 Nf6 4. d4 exd4 5. Nxd4 Bc5 6. Be3 Bb4 7. Bd3 d6 8. O-O Ng4 9. Nd5 Bc5 10. Nxc6 bxc6 11. Bxc5 cxd5 12. Bb5+ Kf8 13. Qxd5 Be6 14. Qc6 dxc5 15. Rad1 Qb8 16. Qxc5+ Kg8 17. Bc6 h5 18. h3 Nf6 19. e5 Ne8 20. Rd4 Qc8 21. Bxa8 Qxa8 22. Rfd1 Kh7 23. Qc3 Qb7 24. Rd8 g6 25. b3 Ng7 26. Rxh8+ Kxh8 27. Rd8+ Kh7 28. Qc5 Qe4 29. Qf8 Qe1+ 30. Kh2 Qxe5+ 31. g3 g5 32. Qg8+ Kg6 33. Rd3 Qf5 34. Kg2 Qxh3+ 35. Kf3 Qf5+ 36. Kg2 Qe4+ 37. Kg1 Qe1+ 38. Kg2 Qe4+ 39. Kg1 Bd5 40. f3 Qe1+ 41. Kg2 Qe5 42. Kf2 Be6 43. c4 g4 44. Re3 Qf5 45. f4 Qc2+ 46. Re2 Qd3 47. Re3 Qd2+ 48. Re2 Qd4+ 49. Re3 Qd1 50. Re2 Qh1 51. Ke3 Qf3+ 52. Kd2 Qxg3 53. Qf8 Qxf4+ 54. Kc3 Qf3+ 55. Kd2 g3 56. Qc5 Qf4+ 57. Kc3 Nf5 58. Kb2 Qf3 59. Rxe6+ fxe6 60. Qe5 Qe3 0-1


[Site "https://www.chess.com"]

[Event "Titled Tuesday Blitz January 03 Late 2023"]
[White "Shuvalova, Polina"]
[Black "Rian, Kapriaga"]
[WhiteFideId "24171760"]
[BlackFideId "7103263"]
[WhiteElo "2484"]
[BlackElo "2089"]
[Result "1-0"]
[Round "01"]
[TimeControl "180+2"]
[Date "2023.01.03"]
[WhiteClock "0:01:01"]
[BlackClock "0:00:10"]

1. d4 Nf6 2. Nf3 d5 3. Bf4 e6 4. e3 Bd6 5. Bxd6 cxd6 6. c4 O-O 7. Nc3 dxc4 8. Bxc4 a6 9. a4 Nbd7 10. O-O Nb6 11. Bd3 Bd7 12. a5 Nbd5 13. Qd2 Rc8 14. Ne2 Ne7 15. Rfc1 Rxc1+ 16. Rxc1 Qb8 17. b4 Rc8 18. h3 Rxc1+ 19. Nxc1 h6 20. Qb2 Qe8 21. Nd2 Bb5 22. e4 Qc8 23. Bxb5 axb5 24. Nd3 Qc6 25. f3 Kf8 26. Kf2 h5 27. h4 Ke8 28. Nb1 Qc4 29. Ke3 Qc6 30. Kd2 Qc4 31. Na3 Qc6 32. Qc3 Kd8 33. Qxc6 bxc6 34. Nc2 Kc7 35. Ne3 g6 36. g4 hxg4 37. Nxg4 Nh5 38. Ke3 Kb7 39. Nh6 f5 40. Nf7 Kc7 41. Ng5 Ng7 42. Nf4 e5 43. dxe5 dxe5 44. Nfe6+ Nxe6 45. Nxe6+ Kb7 46. Nc5+ Kc7 47. Nd3 Kd6 48. a6 f4+ 49. Kf2 Nc8 50. Kg2 Na7 51. Kh3 Nc8 52. Kg4 Kc7 53. Nxe5 Kb6 54. Nxg6 c5 55. bxc5+ Kxc5 56. Nxf4 Kd4 57. h5 b4 58. h6 b3 59. h7 Kc3 60. h8=Q+ Kc2 61. Qxc8+ 1-0


[Site "https://www.chess.com"]

[Event "Titled Tuesday Blitz January 03 Late 2023"]
[White "Paspuel, Trosky"]
[Black "Blanco Ronquillo, Humberto L."]
[WhiteFideId "3602150"]
[BlackFideId "3504239"]
[WhiteElo "1721"]
[BlackElo "2442"]
[Result "1-0"]
[Round "01"]
[TimeControl "180+2"]
[Date "2023.01.03"]
[WhiteClock "0:00:07"]
[BlackClock "0:00:15"]

1. c4 e6 2. Nc3 d5 3. d4 Nf6 4. cxd5 Nxd5 5. e4 Nxc3 6. bxc3 c5 7. Nf3 cxd4 8. cxd4 Bb4+ 9. Bd2 Bxd2+ 10. Qxd2 O-O 11. Bc4 b6 12. O-O Bb7 13. Rfe1 Nc6 14. Rad1 Rc8 15. Bb3 Na5 16. d5 Nxb3 17. axb3 exd5 18. exd5 Qd6 19. Nh4 g6 20. Qg5 f6 21. Qh6 Qd7 22. Re3 Rfe8 23. Rg3 Qg7 24. Qf4 Bxd5 25. Nf5 Qc7 26. Qh6 Be4 27. Rxg6+ hxg6 28. Qxg6+ Kf8 29. Qxf6+ Kg8 30. Qg6+ Kh8 31. Qh6+ Qh7 32. Qf6+ Kg8 33. Nh6+ Qxh6 34. Qxh6 Bc2 35. Rc1 Bf5 36. Qg5+ Kh8 37. Qf6+ Kg8 38. Rxc8 Bxc8 39. h4 Be6 40. Qg5+ Kf8 41. Kh2 Bf7 42. Qh6+ Kg8 43. h5 Re6 44. Qg5+ Kh7 45. g4 a5 46. Qf5+ Kg7 47. Kg3 Rc6 48. Kh4 Rc5 49. Qf4 Rb5 50. Qd4+ Kg8 51. Qd8+ Kg7 52. g5 Rb4+ 53. Kg3 Bxh5 54. Qe7+ Bf7 55. Qf6+ Kg8 56. g6 Bxg6 57. Qxg6+ Kf8 58. Qf6+ Ke8 59. f4 Rxb3+ 60. Kg4 Rb4 61. Kg5 Kd7 62. f5 Rb1 63. Qe6+ Kc7 64. Qe5+ Kc8 65. Qe6+ Kc7 66. f6 Rg1+ 67. Kf5 Rf1+ 68. Kg6 Rg1+ 69. Kh7 Rh1+ 70. Kg8 Rg1+ 71. Kf8 Rf1 72. Qe7+ Kc6 73. Qe6+ Kc5 74. f7 a4 75. Ke8 b5 76. f8=Q+ Rxf8+ 77. Kxf8 b4 78. Qa2 Kb5 79. Ke7 b3 80. Qa3 Ka5 81. Kd6 Kb5 82. Kd5 b2 83. Qxb2+ Ka5 84. Qa3 Kb5 85. Kd4 Ka5 86. Kc4 Kb6 87. Kb4 Kc7 88. Qxa4 Kd6 89. Qb5 1-0


[Site "https://www.chess.com"]

[Event "Titled Tuesday Blitz January 03 Late 2023"]
[White "Espinosa, Pedro"]
[Black "Jorajuria Mendoza, Algol"]
[WhiteFideId "30921066"]
[BlackFideId "5128897"]
[WhiteElo "2229"]
[BlackElo "2069"]
[Result "0-1"]
[Round "01"]
[TimeControl "180+2"]
[Date "2023.01.03"]
[WhiteClock "0:00:03"]
[BlackClock "0:00:56"]

1. d4 d5 2. c4 e6 3. Nf3 Nf6 4. Nc3 Bb4 5. cxd5 exd5 6. Bg5 O-O 7. e3 Nbd7 8. Bd3 c5 9. dxc5 Qa5 10. O-O Bxc3 11. bxc3 h6 12. Bh4 Ne4 13. c4 Ndxc5 14. cxd5 Bg4 15. Bxe4 Nxe4 16. Qd4 Bxf3 17. gxf3 Nd2 18. Kh1 Nxf3 19. Qf4 Qxd5 20. e4 Qh5 21. Bg3 Nd4 22. Rfd1 Rad8 23. Rd3 Nc2 24. Rxd8 Rxd8 25. Rc1 Rd1+ 26. Rxd1 Qxd1+ 27. Kg2 Ne1+ 28. Kh3 g5 29. Qb8+ Kh7 30. f3 Qxf3 31. Qe5 Qh5+ 32. Bh4 Qxh4# 0-1


[Site "https://www.chess.com"]

[Event "Titled Tuesday Blitz January 03 Late 2023"]
[White "Figorito, Nick"]
[Black "Weetik, Vjacheslav"]
[WhiteFideId "30923689"]
[BlackFideId "4153472"]
[WhiteElo "2036"]
[BlackElo "2423"]
[Result "0-1"]
[Round "01"]
[TimeControl "180+2"]
[Date "2023.01.03"]
[WhiteClock "0:00:12"]
[BlackClock "0:00:10"]

1. Nf3 d5 2. g3 Nf6 3. Bg2 Bf5 4. O-O e6 5. d4 c6 6. Nbd2 Nbd7 7. b3 h6 8. Bb2 Be7 9. Ne5 O-O 10. Ndf3 Ne4 11. Nxd7 Qxd7 12. Ne5 Qc7 13. a3 Rad8 14. b4 b6 15. c3 c5 16. e3 Bf6 17. Nd3 c4 18. Nf4 e5 19. Ne2 Rfe8 20. dxe5 Bxe5 21. Nd4 Bg6 22. Qe2 Nd6 23. Rfd1 Bd3 24. Qe1 Bf6 25. Bxd5 Ne4 26. Bxe4 Rxe4 27. f3 Ree8 28. Qf2 g6 29. a4 a6 30. b5 a5 31. Rd2 Rd6 32. Rad1 Qc5 33. Ra1 h5 34. Ba3 Qc7 35. Bxd6 Qxd6 36. Rad1 Qa3 37. Rxd3 cxd3 38. Rxd3 Qxa4 39. Qc2 Qc4 40. Kf2 a4 41. Rd1 Rc8 42. Rc1 Bxd4 43. exd4 Qxb5 44. Qe2 Qb3 45. Qc2 Qc4 46. Qe2 Qb3 47. Qc2 Qb5 48. Qe2 Qd5 49. Qe4 Qd7 50. Qc2 b5 51. Rb1 Qxd4+ 52. cxd4 Rxc2+ 53. Ke3 Rxh2 54. Rxb5 a3 55. Ra5 a2 56. d5 Kf8 57. Ra7 g5 58. d6 Ke8 59. f4 h4 60. fxg5 hxg3 61. Kf3 g2 62. Kf2 g1=Q+ 63. Kxg1 Rb2 64. Kf1 Rb1+ 65. Ke2 a1=Q 66. Rxa1 Rxa1 67. Kf2 Ra6 68. Kf3 Rxd6 69. Kg4 Kf8 70. Kh5 Kg7 71. Kg4 Kg6 72. Kf4 Rd5 73. Ke4 Rxg5 74. Kf4 f6 75. Kf3 Re5 76. Kf4 Rf5+ 0-1


[Site "https://www.chess.com"]

[Event "Titled Tuesday Blitz January 03 Late 2023"]
[White "Atanasov, Anthony"]
[Black "Fernandez, Maria Florencia"]
[WhiteFideId "2623897"]
[BlackFideId "116459"]
[WhiteElo "2368"]
[BlackElo "2129"]
[Result "1-0"]
[Round "01"]
[TimeControl "180+2"]
[Date "2023.01.03"]
[WhiteClock "0:00:12"]
[BlackClock "0:00:05"]

1. d4 Nf6 2. Nf3 g6 3. c4 Bg7 4. Nc3 O-O 5. e4 d6 6. Be2 e5 7. dxe5 dxe5 8. Bg5 c6 9. Nxe5 Qa5 10. Bxf6 Bxf6 11. f4 Bxe5 12. fxe5 Qxe5 13. O-O Be6 14. Qd2 Bxc4 15. Bxc4 Qc5+ 16. Kh1 Qxc4 17. e5 Na6 18. Qh6 Qd4 19. Rae1 f5 20. Rf4 Qd7 21. e6 Qg7 22. Qh3 Rae8 23. Qd3 Nc5 24. Qc4 Qe7 25. Rf2 Nxe6 26. Rfe2 Rf6 27. g4 fxg4 28. Ne4 Rf4 29. Qb3 Kg7 30. Ng3 Qf6 31. Rxe6 Rxe6 32. Qxe6 Qxe6 33. Rxe6 Rb4 34. Re7+ Kh6 35. Re2 Kg5 36. Kg2 h5 37. b3 Kf4 38. Rf2+ Kg5 39. Re2 h4 40. Ne4+ Kf4 41. Nd6 h3+ 42. Kf2 Rd4 43. Nxb7 Rd1 44. Nc5 Rh1 45. Nd3+ Kf5 46. Kg3 Rg1+ 47. Kh4 g5+ 48. Kh5 Rg2 49. Re5+ Kf6 50. Rxg5 g3 51. Rg6+ Kf5 52. Rxg3 Rxg3 53. hxg3 h2 54. Nf2 c5 55. Kh4 a5 56. Kh3 Ke5 57. Kxh2 Kd4 58. g4 Kc3 59. g5 Kb2 60. g6 Kxa2 61. g7 Kxb3 62. g8=Q+ c4 63. Ne4 a4 64. Qb8+ Kc2 65. Qb4 a3 66. Qc3+ Kb1 67. Nd2+ Ka2 68. Qc2+ Ka1 69. Qb1# 1-0


[Site "https://www.chess.com"]

[Event "Titled Tuesday Blitz January 03 Late 2023"]
[White "Balint, Vilmos"]
[Black "Tregubov, Pavel V."]
[WhiteFideId "718050"]
[BlackFideId "4115341"]
[WhiteElo "2169"]
[BlackElo "2553"]
[Result "1/2-1/2"]
[Round "01"]
[TimeControl "180+2"]
[Date "2023.01.03"]
[WhiteClock "0:01:25"]
[BlackClock "0:00:16"]

1. e4 c5 2. Nf3 e6 3. d4 cxd4 4. Nxd4 Nc6 5. Nb3 Nf6 6. Bd3 d5 7. exd5 exd5 8. O-O Be7 9. h3 O-O 10. N1d2 Ne5 11. Be2 Bf5 12. Nf3 Nc4 13. Nfd4 Bg6 14. Bd3 Ne4 15. c3 Bf6 16. Re1 a5 17. a4 Bh4 18. g3 Bf6 19. Qc2 Re8 20. Bf4 Qb6 21. Kg2 Rac8 22. Re2 h6 23. f3 Bxd4 24. Nxd4 Nc5 25. Rxe8+ Rxe8 26. Bxg6 fxg6 27. b3 Ne3+ 28. Bxe3 Rxe3 29. Kf2 Re8 30. Re1 Rxe1 31. Kxe1 Qd6 32. Kf2 Kh7 33. h4 Qd7 34. h5 Qf7 35. Qxg6+ Qxg6 36. hxg6+ Kxg6 37. Ke3 Kf6 38. Kf4 g5+ 39. Kg4 Kg6 40. f4 h5+ 41. Kf3 g4+ 42. Ke3 Ne4 43. Ne2 Kf5 44. b4 axb4 45. cxb4 Nd6 46. Nd4+ Kf6 47. a5 Ke7 48. b5 Kd7 49. f5 Nc4+ 50. Kf4 Nxa5 51. Kg5 Nc4 52. Kxh5 Ne5 53. Kg5 Ke7 54. f6+ Kf7 55. Kf5 Nd7 56. Kxg4 Nxf6+ 57. Kf5 Ne4 58. g4 Kg7 59. Ke5 Kg6 60. Kxd5 Nf6+ 61. Kd6 Nxg4 62. Kc7 Ne5 63. Kxb7 Nc4 64. Kc6 Kf6 65. Kc5 Ne5 66. Kd6 Nc4+ 67. Kd7 Ke5 68. Nc6+ Kd5 69. Kc7 Kc5 70. Ne5 Kxb5 1/2-1/2


[Site "https://www.chess.com"]

[Event "Titled Tuesday Blitz January 03 Late 2023"]
[White "Kuznetsov, Felix"]
[Black "Lacasa Diaz, Jose Antonio"]
[WhiteFideId "34147990"]
[BlackFideId "2203375"]
[WhiteElo "2254"]
[BlackElo "2359"]
[Result "1-0"]
[Round "01"]
[TimeControl "180+2"]
[Date "2023.01.03"]
[WhiteClock "0:00:22"]
[BlackClock "0:00:24"]

1. e4 c5 2. Nf3 e6 3. b3 b6 4. Bb2 Bb7 5. Nc3 Nc6 6. Qe2 d6 7. O-O-O e5 8. Nd5 Nge7 9. g4 Nxd5 10. exd5 Nb4 11. d4 cxd4 12. Qb5+ Qd7 13. Qxb4 Bxd5 14. Bb5 Bc6 15. Nxd4 exd4 16. Rhe1+ Kd8 17. Bxc6 Qxc6 18. Bxd4 Kc7 19. Re3 Kb7 20. Rc3 Qd7 21. Be5 Rd8 22. Bg3 Be7 23. Rd5 Rc8 24. Qe4 Kb8 25. Rcd3 Qe6 26. Qxe6 fxe6 27. Bxd6+ Bxd6 28. Rxd6 Rhe8 29. Re3 Rc5 30. Rdxe6 Rxe6 31. Rxe6 Rg5 32. h3 h5 33. f4 Rg6 34. Rxg6 hxg4 35. hxg4 Kb7 36. Rxg7+ Ka6 37. g5 1-0


[Site "https://www.chess.com"]